 Dungeon Crawl Stone Soup version 0.29.1-14-g9c671dbff4 (webtiles) character file.

Game seed: 2841782766215770048

14 sking99 the Sneak (level 2, -1/25 HPs)
             Began as a Draconian Brigand on Feb 20, 2023.
             Slain by an adder (2 damage)
             ... on level 1 of the Dungeon.
             The game lasted 00:01:40 (837 turns).

sking99 the Sneak (Draconian Brigand)                Turns: 837, Time: 00:01:40

Health: -1/25      AC:  5    Str: 13    XL:     2   Next: 31%
Magic:  2/2        EV: 11    Int: 11    God:
Gold:   21         SH:  0    Dex: 12    Spells: 1/1 levels left

rFire   . . .      SeeInvis .   f - +0 falchion
rCold   . . .      Faith    .   (no shield)
rNeg    . . .      Spirit   .   (body armour unavailable)
rPois   .          Reflect  .   (helmet restricted)
rElec   .          Harm     .   b - +0 cloak
rCorr   .          Rampage  .   (no gloves)
Will    .....                   (no boots)
Stlth   ++........              (no amulet)
HPRegen 0.08/turn               (no ring)
MPRegen 0.08/turn               (no ring)

@: no status effects
A: AC +4, unfitting armour, cold-blooded
a: no special abilities


You were on level 1 of the Dungeon.
You visited 1 branch of the dungeon, and saw 2 of its levels.

You collected 21 gold pieces.

Inventory:

Hand Weapons
 a - a +2 dagger
 f - a +0 falchion (weapon)
Missiles
 c - 7 poisoned darts (quivered)
 d - 3 curare-tipped darts
Armour
 b - a +0 cloak (worn)
Scrolls
 e - a scroll of blinking {unknown}
 h - a scroll of teleportation {unknown}
 i - a scroll of identify {unknown}
 j - a scroll of enchant weapon {unknown}
Potions
 g - a potion of mutation {unknown}


   Skills:
 + Level 2.4 Fighting
 - Level 2.2(2.3) Short Blades
 * Level 0.7(1.5) Long Blades
 + Level 2.0 Throwing
 + Level 1.2 Dodging
 - Level 3.6 Stealth


You had one spell level left.
You didn't know any spells.
Your spell library was empty.

Dungeon Overview and Level Annotations

Branches:
Dungeon (2/15)

Altars:


Innate Abilities, Weirdness & Mutations

Your plain brown scales are hard. (AC +4)
You cannot fit into any form of body armour.
You are cold-blooded and may be slowed by cold attacks.


Message History

You hit the adder.
Your tail-slap misses the adder.
The adder is lightly wounded.
You feel sick. The adder bites you.
You are more poisoned.
The adder poisons you! The adder misses you.
You hit the adder.
The adder is moderately wounded.
You feel sick. The adder closely misses you.
You closely miss the adder.
The adder is moderately wounded.
You feel sick.
The adder bites you but does no damage. x2
You barely miss the adder.
The adder is moderately wounded.
You feel sick. The adder bites you. The adder bites you but does no damage.
You closely miss the adder.
The adder is moderately wounded.
You feel sick. The adder bites you.
* * * LOW HITPOINT WARNING * * *
Throw: 9 darts (poison)
Press: ? - help, Q - select action, (/) - cycle Shift-Dir - straight line, f - adder
Aim: an adder (moderately wounded, 40% to hit)
You throw a poisoned dart. The poisoned dart hits the adder.
The adder is poisoned.
The adder is moderately wounded.
You feel sick. The adder bites you.
* * * LOW HITPOINT WARNING * * *
Throw: 8 darts (poison)
Press: ? - help, Q - select action, (/) - cycle Shift-Dir - straight line, f/p - adder
Aim: an adder (heavily wounded, poisoned, 40% to hit)
You throw a poisoned dart.
The poisoned dart barely misses the adder.
* * * LOW HITPOINT WARNING * * *
You feel sick. The adder closely misses you.
You barely miss the adder.
The adder is heavily wounded.
* * * LOW HITPOINT WARNING * * *
You feel sick.
You are no longer poisoned.
The adder bites you.
You die...

...#.........##..###..## #......#
...#.........#........# #.......
...#........##......>.# #.....##
...#........##........# #.....##
...#........##........# #.......
...#........##........# ###.....
...#........##........# ##.....
............##...(....# #......
................@.....# #......
.................S....#####...###
..................(...........###
..................###.........#..
...#........##....# #......####..
...#........##....# #......# #..
...#........##....# #......# #.†
...#........##....# #......# #..
...###########....# #......# #..


You could see an adder (poisoned).

Vanquished Creatures
  A dart slug (D:2)
  A ball python (D:1)
  An endoplasm (D:1)
  A hobgoblin (D:2)
  A quokka (D:1)
  3 bats (D:1)
  A frilled lizard (D:1)
  2 kobolds (D:1)
  2 rats (D:1)
13 creatures vanquished.

Notes
Turn   | Place    | Note
-------+----------+-------------------------------------------
     0 | D:1      | sking99 the Draconian Brigand began the quest for the Orb.
     0 | D:1      | Reached XP level 1. HP: 17/17 MP: 1/1
   149 | D:1      | Reached skill level 1 in Dodging
   356 | D:1      | Reached XP level 2. HP: 25/25 MP: 2/2
   426 | D:1      | Found a faded altar of an unknown god.
   837 | D:1      | HP: 1/25 [poisoned by an adder]
   837 | D:1      | Slain by an adder

Illustrated notes

Levels and vault maps discovered:
D:1:      tarquinn_simple_flora_water_a, layout_basic,
          shapermc_ecumenical_altar_hornbeckon
D:2:      layout_loops_ring, minivault_14, nicolae_kite_square_tiling_tiny,
          feat_on_display

Skill      XL: |  1  2 |
---------------+-------+-----
Dodging        | 1 |  1.2
Throwing       | 2 |  2.0
Fighting       | |  2.4
Short Blades   | |  2.2
Long Blades    | |  0.7
Stealth        | |  3.6

Action                   || total
-------------------------++-------
Melee: Dagger            ||    23
       Falchion          ||    35
       Tailslap          ||     2
       Punch             ||     1
Throw: Dart              ||     2
 Stab: Sleeping          ||     3
Armor: Skin              ||    30
Dodge: Dodged            ||    37
